 Dungeon Crawl Stone Soup version 0.30.1-11-g7821555f0a (webtiles) character file.

Game seed: 14844869079551146845

239 booth the Chopper (level 5, -3/42 HPs)
             Began as a Demonspawn Monk on Nov 8, 2023.
             Killed from afar by Pikel (7 damage)
             ... with a puff of flame
             ... on level 3 of the Dungeon.
             The game lasted 00:22:41 (4109 turns).

booth the Chopper (Demonspawn Monk)                 Turns: 4109, Time: 00:22:42

Health: -3/42      AC:  4    Str: 14    XL:     5   Next: 79%
Magic:  5/5        EV: 13    Int: 11    God:
Gold:   88         SH:  0    Dex: 15    Spells: 4/4 levels left

rFire   . . .        a - +0 hand axe (flame)
rCold   . . .        (no shield)
rNeg    . . .        o - +0 leather armour
rPois   .            (helmet restricted)
rElec   .            i - +0 cloak
rCorr   .            (no gloves)
SInv    .            (boots unavailable)
Will    +....        (no amulet)
Stlth   +            (no ring)
HPRegen 0.27/turn    (no ring)
MPRegen 0.09/turn

%: no passive effects
@: unable to drink
A: hooves 3, condensation shield, horns 1, strong-willed 1, inability to drink
after injury 1
a: no special abilities


You were on level 3 of the Dungeon.
You visited 1 branch of the dungeon, and saw 4 of its levels.
You also visited: Sewer.

You collected 148 gold pieces.
You spent 60 gold pieces at shops.

Inventory:

Hand Weapons
 a - a +0 hand axe of flaming (weapon)
Missiles
 k - 8 poisoned darts (quivered)
Armour
 d - an orb of light
 i - a +0 cloak (worn)
 l - a +0 ring mail
 o - a +0 leather armour (worn)
Jewellery
 f - an amulet of faith
Scrolls
 b - 2 scrolls of butterflies
 e - a scroll of fog
Potions
 c - a potion of ambrosia
 g - a potion of magic {unknown}
 m - 2 potions of haste {unknown}
 n - 2 potions of brilliance
 q - a potion of invisibility {unknown}
 r - a potion of might {unknown}
 s - a potion of berserk rage


   Skills:
 + Level 4.0 Fighting
 * Level 4.4 Axes
 + Level 1.4 Throwing
 + Level 3.6 Dodging


You had 4 spell levels left.
You didn't know any spells.
Your spell library contained the following spells:

 Spells                   Type           Power      Damage    Failure   Level
 Sandblast                Erth           0%         2d4       41%         1
 Lesser Beckoning         Tloc           0%         N/A       56%         2
 Passwall                 Tmut/Erth      0%         N/A       56%         2
 Call Canine Familiar     Summ           0%         N/A       80%         3
 Dazzling Flash           Conj/Hex       0%         N/A       80%         3
 Gell's Gravitas          Tloc           0%         N/A       80%         3
 Portal Projectile        Hex/Tloc       0%         N/A       80%         3
 Stone Arrow              Conj/Erth      0%         3d7       80%         3
 Teleport Other           Tloc           0%         N/A       80%         3
 Volatile Blastmotes      Fire/Tloc      0%         2d10      80%         3
 Iskenderun's Mystic Bla  Conj/Tloc      0%         2d3       99%         4
 Leda's Liquefaction      Hex/Erth       0%         N/A       99%         4
 Fireball                 Conj/Fire      0%         3d3       100%        5
 Iskenderun's Battlesphe  Conj           0%         2d6       100%        5
 Conjure Ball Lightning   Conj/Air       0%         3x3d6     100%        6
 Starburst                Conj/Fire      0%         6d3       100%        6
 Orb of Destruction       Conj           0%         9d5       100%        7


Dungeon Overview and Level Annotations

Branches:
Dungeon (4/15)              Sewer (visited)
 Temple: D:4-7

Altars:
Fedhas

Shops:
D:2 !

Annotations:
D:3 Pikel


Innate Abilities, Weirdness & Mutations

You have hooves in place of feet.
A meltable shield of frost defends you. (SH +0)
You have a pair of small horns on your head.
You are strong-willed. (Will+)
You occasionally lose the ability to drink potions when taking damage.


Message History

The lemure is heavily wounded.
A dart slug comes into view.
Throw: 9 darts (poison)
Press: ? - help, Q - select action Shift-Dir - straight line, f/p - Pikel
Aim: Pikel, wielding a +0 whip of electrocution, wearing a +0 robe and carrying a wand of flame (19) (lightly wounded, poisoned, 53% to hit)
You throw a poisoned dart. The poisoned dart closely misses Pikel.
The poisoned dart closely misses the lemure.
The poisoned dart hits the dart slug.
The dart slug is poisoned.
You miss Pikel. Your headbutt misses Pikel.
Pikel is lightly wounded.
Pikel barely misses you.
You hit Pikel but do no damage.
Pikel is lightly wounded.
Pikel looks more healthy.
Pikel zaps a wand.
The puff of flame misses you.
Pikel hits you with a +0 whip of electrocution!
You are electrocuted!!
You barely miss Pikel. You headbutt Pikel, but do no damage.
Pikel is lightly wounded.
The dart slug looks more healthy.
Pikel hits you with a +0 whip of electrocution.
You feel threatened and lose the ability to drink potions!
* * * LOW HITPOINT WARNING * * *
You cannot drink potions in your current state!
The lemure looks more healthy.
Pikel zaps a wand.
The puff of flame hits you!
Your condensation shield dissipates!
* * * LOW HITPOINT WARNING * * *
You climb upwards.
There is a stone staircase leading down here.
You cannot drink potions in your current state!
Blink to where?
Press: ? - help, Dir - move target
As you read the scroll of blinking, it crumbles to dust.
You can drink potions again.
Pikel cracks his whip.
Pikel zaps a wand.
The puff of flame hits you.
* * * LOW HITPOINT WARNING * * *
There is a stone staircase leading down here.
Pikel zaps a wand.
The puff of flame hits you!
You feel threatened and lose the ability to drink potions!
You die...

#.# ##...##
#.#####.#.#.#######
##########.#...............#
##
#........#.#.###.#.#.#####.##
.# #.######.#.#.#
##............ .# #.#
###.#.#.#####.#.#####.##
.####.# #...............#
#.## ......#
#.#.##...######## #.##
##########.#.##.@.### #.##
#....K..........# #######..#
#.####..##....#.# #.........
#.............#.# #.######.#
#..###..##..#.#.####.# ##..
#..# #..##..#.#......#####...
#..# #.......................
#..####.##............#####.#
#..K....<.....######..# #.#


You could see Pikel.

Vanquished Creatures
  An orc priest (D:3)
  5 adders
  8 river rats
  2 worms
  9 bats
  4 endoplasms (D:1)
  4 giant cockroaches
  7 goblins
  2 hobgoblins (D:1)
  11 jackals
  A quokka (D:3)
  8 ball pythons
  7 frilled lizards
  10 kobolds
  14 rats
93 creatures vanquished.

Notes
Turn   | Place    | Note
-------+----------+-------------------------------------------
     0 | D:1      | booth the Demonspawn Monk began the quest for the Orb.
     0 | D:1      | Reached XP level 1. HP: 18/18 MP: 1/1
   284 | D:1      | Gained mutation: You have large cloven feet. [demonic
                  | ancestry]
   284 | D:1      | Reached XP level 2. HP: 21/24 MP: 2/2
  1153 | D:2      | Gained mutation: You have hoof-like feet. [demonic
                  | ancestry]
  1153 | D:2      | Reached XP level 3. HP: 29/29 MP: 3/3
  1386 | D:2      | Found Safyom's Distillery.
  1406 | D:2      | Bought a potion of heal wounds for 60 gold pieces
  2046 | D:3      | Gained mutation: You have hooves in place of feet. [demonic
                  | ancestry]
  2046 | D:3      | Reached XP level 4. HP: 24/35 MP: 4/4
  2349 | D:3      | Found a glowing drain.
  2393 | Sewer    | Entered a sewer
  2782 | Sewer    | Gained mutation: A meltable shield of frost defends you.
                  | (SH +0) [demonic ancestry]
  2782 | Sewer    | Reached XP level 5. HP: 20/42 MP: 5/5
  2788 | Sewer    | Reached skill level 1 in Throwing
  3668 | D:3      | Found a blossoming altar of Fedhas.
  4074 | D:3      | Gained mutation: You have a pair of small horns on your
                  | head. [potion of mutation]
  4074 | D:3      | Gained mutation: You are vulnerable to cold. (rC-) [potion
                  | of mutation]
  4074 | D:3      | Gained mutation: You are somewhat resistant to further
                  | mutation. [potion of mutation]
  4075 | D:3      | Lost mutation: You are somewhat resistant to further
                  | mutation. [potion of mutation]
  4075 | D:3      | Lost mutation: You are vulnerable to cold. (rC-) [potion of
                  | mutation]
  4075 | D:3      | Gained mutation: You occasionally lose the ability to drink
                  | potions when taking damage. [potion of mutation]
  4075 | D:3      | Gained mutation: You are strong-willed. (Will+) [potion of
                  | mutation]
  4084 | D:4      | Noticed Pikel
  4084 | D:4      | Noticed a lemure
  4084 | D:4      | Noticed a lemure
  4084 | D:4      | Noticed a lemure
  4084 | D:4      | Noticed a lemure
  4109 | D:3      | Killed from afar by Pikel

Illustrated notes

Levels and vault maps discovered:
D:1:      scummos_arrival_simple_fountains, layout_basic,
          minmay_misc_feat_plants, minivault_23, minmay_statues_item
D:2:      layout_basic, serial_shops, shop, minivault_14, chequers_avenue
D:3:      layout_loops_ring, fedhas_altar_1, portal_sewer_entry_e
D:4:      layout_rooms, nemelex_xobeh_ov_fountains_minmay, serial_glass,
          glass_columns_b, glass_columns_b, glass_columns_c, glass_columns_a,
          uniq_pikel

Skill      XL: |  1  2  3  4  5 |
---------------+----------------+-----
Axes           | 3 4 |  4.4
Dodging        | 3 |  3.6
Throwing       | 1 |  1.4
Fighting       | 4 |  4.0

Action                     |  1- 3 |  4- 6 || total
---------------------------+-------+-------++-------
  Melee: Hand axe          |   106 |   201 ||   307
         Kick              |    25 |    48 ||    73
         Headbutt          |       |     2 ||     2
  Throw: Dart              |       |    11 ||    11
    Use: Scroll            |     7 |     3 ||    10
         Potion            |       |     4 ||     4
 Armour: Robe              |     3 |       ||     3
         Leather armour    |    19 |    31 ||    50
  Dodge: Dodged            |    65 |   108 ||   173
  Block: Other             |       |    12 ||    12
